 Dungeon Crawl Stone Soup version 0.30-a0-222-ge547ba4400 (webtiles) character file.

Game seed: 3135991652966988136

1159 qw the Chopper (level 8, -23/50 HPs)
             Began as a Gargoyle Fighter on Oct 8, 2022.
             Annihilated by a cyclops (24 damage)
             ... on level 6 of the Dungeon.
             The game lasted 00:02:17 (5716 turns).

qw the Chopper (Gargoyle Fighter)                   Turns: 5716, Time: 00:02:17

Health: -23/50     AC: 21    Str: 21    XL:     8   Next: 39%
Magic:  8/8        EV:  6    Int: 10    God:
Gold:   314        SH:  4    Dex:  9    Spells: 7/7 levels left

rFire   . . .      SeeInvis .    Y - +1 war axe
rCold   . . .      Faith    .    c - +0 buckler
rNeg    + . .      Spirit   .    q - +0 plate armour
rPois   inf        Reflect  .    k - +0 helmet
rElec   +          Harm     .    (no cloak)
rCorr   .          Rampage  .    i - +0 pair of gloves
Will    .....                    h - +0 pair of boots
Stlth   ..........               (no amulet)
HPRegen 0.28/turn                (no ring)
MPRegen 0.11/turn                (no ring)

@: no status effects
A: sickness immunity, AC +5, negative energy resistance 1, electricity
resistance, torment resistance 1, petrification resistance
a: no special abilities


You were on level 6 of the Dungeon.
You visited 1 branch of the dungeon, and saw 6 of its levels.

You collected 314 gold pieces.


Innate Abilities, Weirdness & Mutations

You are immune to sickness and miasma.
Your stone body is resilient. (AC +5)
You are immune to poison.
You resist negative energy. (rN+)
You are resistant to electric shocks. (rElec)
You are resistant to unholy torment.
You are immune to petrification.


   Skills:
 - Level 5.4 Fighting
 + Level 7.2 Axes
 - Level 1.1 Throwing
 - Level 5.1 Armour
 - Level 1.4 Dodging
 - Level 3.2 Shields


You had 7 spell levels left.
You didn't know any spells.
Your spell library was empty.

Inventory:

Hand Weapons
 b - a +0 flail
 Y - a +1 war axe (weapon)
Missiles
 e - 7 boomerangs (quivered)
Armour
 c - a +0 buckler (worn)
 h - a +0 pair of boots (worn)
 i - a +0 pair of gloves (worn)
 k - a +0 helmet (worn)
 q - a +0 plate armour (worn)
Scrolls
 j - a scroll of identify
Potions
 a - 3 potions of curing
 d - a potion of might
 g - a potion of lignification
 l - a potion of attraction {unknown}
 m - a potion of degeneration {unknown}
 n - a potion of haste {unknown}
 o - a potion of resistance {unknown}

Dungeon Overview and Level Annotations

Branches:
Dungeon (6/15)
 Temple: D:4-7

Altars:
Fedhas
Kikubaaqudgha
Makhleb
Trog
Uskayaw


Message History

5703 ||| DROPPING potion of berserk rage.
You drop a potion of berserk rage.
Done exploring.
(D) Dungeon
Where to? (* - list waypoints, Enter - D:6, ? - help)
What level of the Dungeon? (default 1, ? - help)
You climb downwards.
The cyclops hits you!!
There is a stone staircase leading up here.
You hit the cyclops.
The cyclops is lightly wounded.
The cyclops hits you but does no damage.
You hit the cyclops but do no damage.
The cyclops is lightly wounded.
You hit the cyclops but do no damage.
The cyclops is lightly wounded.
The cyclops hits you but does no damage.
You hit the cyclops.
The cyclops is lightly wounded.
The cyclops hits you!!
You hit the cyclops.
The cyclops is lightly wounded.
The cyclops hits you.
You hit the cyclops but do no damage.
The cyclops is lightly wounded.
The cyclops hits you but does no damage.
You slash the cyclops!
The cyclops is moderately wounded.
The cyclops hits you.
You hit the cyclops.
The cyclops is moderately wounded.
You hit the cyclops but do no damage.
The cyclops is moderately wounded.
The cyclops hits you.
You slash the cyclops!
The cyclops is heavily wounded.
The cyclops hits you but does no damage.
You hit the cyclops.
The cyclops is heavily wounded.
The cyclops hits you!!
You die...

##...............###..# #.....~.
#####..........###..## #.#.....
###......¤.¤.....##.## ##.#.....
....#...¤¤~¤......#.# #.......#
######¤¤~~¤¤¤.....#.#####......##
.>.....~~_~¤...................#
...##..~~.~¤......#.#####......#
##..##.¤~.~~........# #......#
##...¤~~.¤¤....@...# #####.##
#####.¤¤...~.....C#.# #.#
.###...~.8.~........## #.#
..................#..## #.#
..###.###.........##..# ###.###
#.....# ##........###.# #..>...
####..# ##.......###.# #......
#..# ###.###..##.#####..)...
##.#. #.###..##............


You could see a cyclops.

Vanquished Creatures
  Eustachio (D:4)
  A water moccasin (D:6)
  2 ogres
  Blork the orc (D:4)
  A necrophage (D:4)
  A scorpion (D:4)
  A jelly (D:6)
  5 iguanas
  A hound (D:6)
  Ijyb (D:4)
  Natasha (thrice) (D:4)
  Robin (D:2)
  11 adders
  A white imp (D:6)
  3 ufetubi (D:6)
  4 worms
  4 dart slugs
  8 orcs
  9 endoplasms
  2 giant cockroaches
  17 goblins
  6 hobgoblins
  14 jackals
  5 quokkas
  3 ball pythons (D:4)
  3 bats
  6 frilled lizards
  5 kobolds
  4 rats
124 creatures vanquished.

Vanquished Creatures (others)
  A goblin (D:4)
1 creature vanquished.

Grand Total: 125 creatures vanquished

Notes
Turn   | Place    | Note
-------+----------+-------------------------------------------
     0 | D:1      | qw the Gargoyle Fighter began the quest for the Orb.
     0 | D:1      | Reached XP level 1. HP: 14/14 MP: 1/1
     0 | D:1      | 0 ||| qw: Version: 0.2-a-17-g06abaee
     0 | D:1      | 0 ||| qw: Game counter: 2018
     0 | D:1      | 0 ||| qw: Always use a shield: true
     0 | D:1      | 0 ||| qw: God list: Okawaru
     0 | D:1      | 0 ||| qw: Allow faded altars: false
     0 | D:1      | 0 ||| qw: Do Orc after D:15 true
     0 | D:1      | 0 ||| qw: Do second Lair branch before Depths: true
     0 | D:1      | 0 ||| qw: Lair rune preference: random
     0 | D:1      | 0 ||| qw: Plans: Normal, Zot:1-4, God:TSO, Crypt, Tomb,
                  | Pan, Slime:5, Hells, Abyss, Orb
     0 | D:1      | 0 ||| PLANNING D:1-11
    77 | D:1      | Reached skill level 2 in Axes
   235 | D:1      | Reached XP level 2. HP: 19/19 MP: 2/2
   320 | D:1      | Found a faded altar of an unknown god.
   454 | D:1      | 454 ||| Stepping ~*~*~tactically~*~*~ (hiding).
   793 | D:1      | Reached skill level 3 in Axes
   891 | D:1      | Reached XP level 3. HP: 23/23 MP: 3/3
   903 | D:1      | 903 ||| Stepping ~*~*~tactically~*~*~ (stealth).
   906 | D:1      | 906 ||| Stepping ~*~*~tactically~*~*~ (stealth).
  1103 | D:1      | 1103 ||| UPGRADING to +0 pair of gloves.
  1108 | D:1      | 1108 ||| READING scroll labelled ICHUEBB ENUOMUR.
  1109 | D:1      | 1109 ||| READING scroll labelled LAS SEIVUUPP.
  1113 | D:1      | 1113 ||| READING 2 scrolls labelled HIAREME OM ENG.
  1414 | D:2      | Reached XP level 4. HP: 28/28 MP: 4/4
  1651 | D:2      | Noticed Robin
  1652 | D:2      | 1652 ||| Stepping ~*~*~tactically~*~*~ (hiding).
  1669 | D:2      | Killed Robin
  1670 | D:2      | Reached skill level 4 in Axes
  1835 | D:2      | 1835 ||| Stepping ~*~*~tactically~*~*~ (stealth).
  1836 | D:2      | 1836 ||| Stepping ~*~*~tactically~*~*~ (stealth).
  1840 | D:2      | 1840 ||| Stepping ~*~*~tactically~*~*~ (stealth).
  1841 | D:2      | 1841 ||| Stepping ~*~*~tactically~*~*~ (stealth).
  1904 | D:2      | 1904 ||| Stepping ~*~*~tactically~*~*~ (stealth).
  2174 | D:2      | 2174 ||| UPGRADING to +0 pair of boots.
  2179 | D:2      | 2179 ||| UPGRADING to +0 helmet.
  2184 | D:2      | 2184 ||| READING scroll labelled GEMOPOE TAAQA.
  2185 | D:2      | 2185 ||| READING scroll labelled BOBE QATH.
  2186 | D:2      | 2186 ||| READING 3 scrolls labelled QUOGYE HOTAXKI.
  2187 | D:2      | 2187 ||| READING scroll labelled VENTEF HYOME.
  2188 | D:2      | 2188 ||| DROPPING 2 scrolls of noise.
  2223 | D:3      | 2223 ||| Stepping ~*~*~tactically~*~*~ (hiding).
  2385 | D:3      | Reached XP level 5. HP: 32/32 MP: 5/5
  2385 | D:3      | Found a hide-covered altar of Uskayaw.
  2689 | D:3      | 2689 ||| Stepping ~*~*~tactically~*~*~ (stealth).
  2692 | D:3      | 2692 ||| Stepping ~*~*~tactically~*~*~ (stealth).
  2876 | D:3      | 2876 ||| Stepping ~*~*~tactically~*~*~ (stealth).
  2877 | D:3      | 2877 ||| Stepping ~*~*~tactically~*~*~ (stealth).
  2878 | D:3      | 2878 ||| Stepping ~*~*~tactically~*~*~ (stealth).
  2889 | D:3      | Reached skill level 5 in Axes
  2941 | D:3      | 2941 ||| READING 2 scrolls of identify.
  2941 | D:3      | 2941 ||| IDENTIFYING inky potion
  3024 | D:4      | Reached XP level 6. HP: 26/39 MP: 6/6
  3139 | D:4      | Reached skill level 1 in Dodging
  3310 | D:4      | 3310 ||| Stepping ~*~*~tactically~*~*~ (stealth).
  3319 | D:4      | 3319 ||| Stepping ~*~*~tactically~*~*~ (stealth).
  3320 | D:4      | 3320 ||| Stepping ~*~*~tactically~*~*~ (stealth).
  3334 | D:4      | 3334 ||| Stepping ~*~*~tactically~*~*~ (stealth).
  3374 | D:4      | 3374 ||| DROPPING +0 club.
  3405 | D:4      | Noticed Blork the orc
  3414 | D:4      | Noticed Ijyb
  3420 | D:4      | Killed Ijyb
  3433 | D:4      | HP: 6/39 [Blork the orc/puff of frost (9)]
  3434 | D:4      | 3434 ||| READING scroll of teleportation.
  3438 | D:4      | Killed Blork the orc
  3516 | D:4      | Reached XP level 7. HP: 22/44 MP: 7/7
  3581 | D:4      | 3581 ||| Stepping ~*~*~tactically~*~*~ (stealth).
  3618 | D:4      | Noticed Eustachio
  3619 | D:4      | 3619 ||| Stepping ~*~*~tactically~*~*~ (stealth).
  3658 | D:4      | Killed Eustachio
  3659 | D:4      | Reached skill level 6 in Axes
  3809 | D:4      | Noticed Natasha
  3820 | D:4      | Killed Natasha
  3973 | D:4      | Reached skill level 7 in Axes
  4194 | D:4      | Noticed Natasha
  4195 | D:4      | 4195 ||| Stepping ~*~*~tactically~*~*~ (hiding).
  4205 | D:4      | Killed Natasha
  4247 | D:4      | Noticed Natasha
  4248 | D:4      | 4248 ||| Stepping ~*~*~tactically~*~*~ (stealth).
  4249 | D:4      | 4249 ||| Stepping ~*~*~tactically~*~*~ (stealth).
  4251 | D:4      | 4251 ||| Stepping ~*~*~tactically~*~*~ (hiding).
  4261 | D:4      | Killed Natasha
  4329 | D:4      | Found a blossoming altar of Fedhas.
  4401 | D:4      | 4401 ||| UPGRADING to +0 chain mail.
  4411 | D:4      | 4411 ||| DROPPING +0 scale mail.
  4412 | D:4      | 4412 ||| UPGRADING to +0 plate armour.
  4422 | D:4      | 4422 ||| DROPPING +0 chain mail.
  4423 | D:4      | 4423 ||| READING scroll labelled FALISH HEMO.
  4424 | D:4      | 4424 ||| READING scroll labelled OZICAM HAIMOSI.
  4425 | D:4      | 4425 ||| READING 2 scrolls of identify.
  4425 | D:4      | 4425 ||| IDENTIFYING coppery potion
  4426 | D:4      | 4426 ||| DROPPING potion of ambrosia.
  4464 | D:5      | Entered Level 5 of the Dungeon
  4694 | D:5      | 4694 ||| DROPPING +0 mace.
  4719 | D:5      | Found a bloodstained altar of Trog.
  4818 | D:5      | Reached XP level 8. HP: 43/48 MP: 8/8
  5149 | D:5      | 5149 ||| READING scroll labelled XEIH ZEMAI.
  5184 | D:5      | 5184 ||| READING 2 scrolls of identify.
  5184 | D:5      | 5184 ||| IDENTIFYING sapphire potion
  5199 | D:6      | Found an ancient bone altar of Kikubaaqudgha.
  5243 | D:6      | Found a burning altar of Makhleb.
  5314 | D:6      | 5314 ||| Stepping ~*~*~tactically~*~*~ (hiding).
  5316 | D:6      | 5316 ||| Stepping ~*~*~tactically~*~*~ (hiding).
  5442 | D:6      | Reached skill level 1 in Throwing
  5640 | D:6      | Noticed a cyclops
  5645 | D:6      | 5645 ||| FLEEEEING.
  5646 | D:6      | 5646 ||| FLEEEEING.
  5664 | D:6      | 5664 ||| FLEEEEING.
  5665 | D:6      | 5665 ||| FLEEEEING.
  5666 | D:6      | 5666 ||| FLEEEEING.
  5667 | D:6      | 5667 ||| FLEEEEING.
  5668 | D:6      | 5668 ||| STAIRDANCE
  5702 | D:5      | 5702 ||| READING 2 scrolls of identify.
  5702 | D:5      | 5702 ||| IDENTIFYING fuming sapphire potion
  5703 | D:5      | 5703 ||| DROPPING potion of berserk rage.
  5709 | D:6      | HP: 10/50 [cyclops (20)]
  5714 | D:6      | HP: 1/50 [cyclops (6)]
  5716 | D:6      | Annihilated by a cyclops

Levels and vault maps discovered:
D:1:      giann_wishing_wells, layout_loops_corners,
          dreamdust_ecumenical_altar_angels_and_demons
D:2:      layout_basic, grunt_ministairs_1, uniq_robin
D:3:      layout_loops_cross, nicolae_uskayaw_dance_hall
D:4:      layout_loops_ring, kennysheep_little_box, nrook_campfire, uniq_ijyb,
          uniq_blork_the_orc, uniq_eustachio, uniq_natasha
D:5:      layout_loops_cross, old_standard_altar
D:6:      layout_rooms, overflow_temple_1_default, mainiacjoe_overflow_catwalk,
          skrybe_limestone_x, minmay_microvault

Skill      XL: |  1  2  3  4  5  6  7  8 |
---------------+-------------------------+-----
Axes           | 2 3 4 5 7 |  7.2
Fighting       | 4 5 |  5.4
Dodging        | 1 |  1.4
Armour         | 4 5 |  5.1
Throwing       | 1 |  1.1
Shields        | |  3.2

Action                   |  1- 3 |  4- 6 |  7- 9 || total
-------------------------+-------+-------+-------++-------
Melee: War axe           |    89 |   266 |   154 ||   509
Throw: Boomerang         |       |       |    18 ||    18
  Use: Scroll            |     3 |     6 |     6 ||    15
Armor: Scale mail        |    39 |   140 |    35 ||   214
       Plate armour      |       |       |    52 ||    52
Dodge: Dodged            |    26 |   142 |    48 ||   216
Block: Buckler           |    11 |    51 |    24 ||    86

Table legend:
 A = Non-vault XP
 B = Vault XP
 C = Vault XP percentage of total XP
 D = Non-vault monster count
 E = Vault monster count
 F = Vault count percentage of total count
                 A         B        C        D         E       F
            +---------+---------+-------+---------+---------+-------
      Total |    1252 |     404 |  24.4 |     110 |      14 |  11.3
            +---------+---------+-------+---------+---------+-------
        D:1 |      45 |       0 |   0.0 |      24 |       0 |   0.0
        D:2 |      60 |      32 |  34.8 |      15 |      10 |  40.0
        D:3 |     110 |       0 |   0.0 |      27 |       0 |   0.0
        D:4 |     494 |     372 |  43.0 |      26 |       4 |  13.3
        D:5 |     220 |       0 |   0.0 |       9 |       0 |   0.0
        D:6 |     323 |       0 |   0.0 |       9 |       0 |   0.0
            +---------+---------+-------+---------+---------+-------
